 Dungeon Crawl Stone Soup version 0.26-a0-394-g0b5ff556b1 (webtiles) character file.

Game seed: 2829671235889061468

81 Morbidden the Magician (level 4, -4/34 HPs)
             Began as a Palentonga Hedge Wizard on July 23, 2020.
             Was a Follower of Sif Muna.
             Slain by Natasha (5 damage)
             ... on level 3 of the Dungeon.
             The game lasted 00:06:43 (2551 turns).

Morbidden the Magician (Palentonga Hedge Wizard)    Turns: 2551, Time: 00:06:44

Health: -4/34      AC:  7    Str: 15    XL:     4   Next: 20%
Magic:  9/9        EV: 10    Int: 14    God:    Sif Muna [*.....]
Gold:   111        SH:  0    Dex:  9    Spells: 9/10 levels left

rFire    . . .     SeeInvis +   c - +2 short sword (holy)
rCold    . . .     Faith    .   (no shield)
rNeg     . . .     Spirit   .   b - +0 robe
rPois    .         Reflect  .   g - +2 helmet
rElec    .         Harm     .   (no cloak)
rCorr    .                      (no gloves)
MR       .....                  (boots restricted)
Stlth    ++........             (no amulet)
HPRegen  0.11/turn              (no ring)
MPRegen  0.11/turn              (no ring)

@: slowed, very slow
A: large, rugged brown scales 3, see invisible, deformed body, roll, armoured
tail
a: Rolling Charge, Channel Magic, Renounce Religion


You were on level 3 of the Dungeon.
You worshipped Sif Muna.
Sif Muna was aware of your devotion.
You visited 1 branch of the dungeon, and saw 3 of its levels.

You collected 111 gold pieces.

Inventory:

Hand Weapons
 c - a +2 short sword of holy wrath (weapon)
Missiles
 l - 2 boomerangs (quivered)
Armour
 b - a +0 robe (worn)
 g - a +2 helmet (worn)
Jewellery
 a - a +6 ring of intelligence
Scrolls
 d - 4 scrolls of remove curse
 e - a scroll of identify
 f - 2 scrolls of magic mapping {unknown}
 h - a scroll of enchant armour {unknown}
 i - a scroll of enchant weapon {unknown}
 j - a scroll of teleportation {unknown}


   Skills:
 * Level 1.0 Fighting
 + Level 0.9 Short Blades
 + Level 2.5 Dodging
 + Level 1.5 Stealth
 * Level 3.7 Spellcasting
 + Level 0.8 Conjurations
   Level 0.7 Summonings
   Level 1.0 Translocations


You had 9 spell levels left.
You knew the following spells:

 Your Spells              Type           Power        Failure   Level
a - Magic Dart            Conj           #...         14%         1

Your spell library contained the following spells:

 Spells                   Type           Power        Failure   Level
 Blink                    Tloc           N/A          21%         2
 Call Imp                 Summ           #.......     22%         2
 Slow                     Hex            #.......     30%         2
 Conjure Flame            Conj/Fire      #.......     45%         3
 Mephitic Cloud           Conj/Pois/Air  #.......     47%         3


Dungeon Overview and Level Annotations

Branches:
Dungeon (3/15)

Altars:
Makhleb
Ru
Sif Muna

Annotations:
D:3 Jessica, Natasha


Innate Abilities, Weirdness & Mutations

You are completely covered in rugged brown scales. (AC +3, +7% HP)
You have supernaturally acute eyesight. (SInv)
Armour fits poorly on your strangely shaped body.
You can roll at foes to attack.
You have a long armoured tail.


Message History

The crimson imp barely misses you.
You hit the crimson imp.
The crimson imp convulses.
Your tail-slap misses the crimson imp.
The crimson imp is moderately wounded.
Natasha claws you but does no damage. The crimson imp closely misses you.
Natasha casts a spell at you. The magic dart hits you.
* * * LOW HITPOINT WARNING * * *
Jessica closely misses you.
Unknown command.
Jessica shouts, "You are a ghastly nuisance!"
Jessica barely misses you.
The crimson imp hits you but does no damage.
Natasha casts a spell at you.
You feel as though you will be slow longer.
The crimson imp shouts, "Decamp, thou paunchy spleeny vulture!"
Jessica hits you with a +0 dagger.
* * * LOW HITPOINT WARNING * * *
Natasha claws you.
You die...

### ..# #.# ##.###
.... #..# #..# #@.#
#@h#### #5.5..#
#...#.# #...#.#
#..<..#
..#########..##.#
................#
...(.........###....


You could see an iron imp (summoned), Natasha, a crimson imp (summoned) and
Jessica (fast).

Vanquished Creatures
  Robin (D:2)
  2 adders (D:2)
  2 dart slugs
  A leopard gecko (D:3)
  2 bats (D:1)
  2 giant cockroaches (D:1)
  13 goblins
  6 hobgoblins
  2 jackals
  3 kobolds
  A quokka (D:3)
  3 frilled lizards
  3 rats
41 creatures vanquished.

Vanquished Creatures (others)
  A goblin (D:3)
  A frilled lizard (D:3)
2 creatures vanquished.

Grand Total: 43 creatures vanquished

Notes
Turn   | Place    | Note
-------+----------+-------------------------------------------
     0 | D:1      | Morbidden the Palentonga Hedge Wizard began the quest for
                  | the Orb.
     0 | D:1      | Reached XP level 1. HP: 13/13 MP: 4/4
     3 | D:1      | Noticed an electric eel
     3 | D:1      | Noticed an electric eel
    38 | D:1      | You fall into a shaft and drop 1 floor!
    38 | D:2      | Found a sacrificial altar of Ru.
    75 | D:2      | Found a shimmering blue altar of Sif Muna.
    78 | D:2      | Became a worshipper of Sif Muna the Loreminder
   566 | D:1      | Reached XP level 2. HP: 16/20 MP: 6/6
  1046 | D:2      | Found a burning altar of Makhleb.
  1046 | D:2      | Noticed an Executioner
  1049 | D:2      | Noticed a smoke demon
  1049 | D:2      | Noticed a smoke demon
  1070 | D:2      | Reached XP level 3. HP: 26/26 MP: 8/8
  1154 | D:2      | Noticed Robin
  1171 | D:2      | Reached * piety under Sif Muna
  2172 | D:2      | Killed Robin
  2172 | D:2      | Reached skill level 1 in Fighting
  2196 | D:2      | Reached XP level 4. HP: 10/34 MP: 9/9
  2526 | D:3      | Noticed Jessica
  2528 | D:3      | Noticed Natasha
  2550 | D:3      | HP: 1/34 [Jessica/+0 dagger (4)]
  2551 | D:3      | Slain by Natasha

Illustrated notes

Levels and vault maps discovered:
D:1:      arrival_aquarium_b, layout_rooms
D:2:      layout_basic, makhleb_altar_promises_db, lemuel_blue_sif_altar,
          overflow_temple_1_default, uniq_robin
D:3:      layout_basic, nicolae_qazlal_style_of_elements, fiery_altar_vehumet,
          cheibrodos_sewer_entry_sluice, uniq_jessica, uniq_natasha

Skill      XL: |  1  2  3 |
---------------+----------+-----
Dodging        | 2 |  2.5
Fighting       | 1 |  1.0
Short Blades   | |  0.9
Stealth        | |  1.5
Spellcasting   | |  3.7
Conjurations   | |  0.8
Summonings     | |  0.7
Translocations | |  1.0

Action                   |  1- 3 |  4- 6 || total
-------------------------+-------+-------++-------
Melee: Dagger            |   218 |       ||   218
       Tailslap          |    19 |     1 ||    20
       Short sword       |     9 |    21 ||    30
Throw: Boomerang         |     2 |       ||     2
 Abil: Rolling Charge    |    20 |     6 ||    26
  Use: Potion            |     2 |       ||     2
       Scroll            |     1 |     1 ||     2
Armor: Robe              |   114 |     8 ||   122
Dodge: Dodged            |   162 |    20 ||   182

Table legend: (Time is in decaauts)
 A = Elapsed time spent in this place.
 B = Non-inter-level travel time spent in this place.
 C = Inter-level travel time spent in this place.
 D = Time resting spent in this place.
 E = Time spent auto-exploring this place.
 F = Levels seen in this place.
 G = Mean time per level.
                   A        B        C        D        E       F      G
               +--------+--------+--------+--------+--------+-----+--------+
         Total |   2560 |   2514 |     46 |   1240 |    645 |   3 |  853.3 |
       Dungeon |   2560 |   2514 |     46 |   1240 |    645 |   3 |  853.3 |
               +--------+--------+--------+--------+--------+-----+--------+

Top non-repeatable levels by time:
     D:1: 1459 daAuts
     D:2: 1060 daAuts
     D:3: 39 daAuts
